 Dungeon Crawl Stone Soup version 0.31-a0-986-g5e6e4ef867 (console) character file.

Game seed: 12012608836748438154

107 petzl the Sneak (level 5, -1/41 HPs)
             Began as a Formicid Delver on Nov 16, 2023.
             Succumbed to a goblin's poison
             ... on level 6 of the Dungeon.
             The game lasted 00:04:21 (2126 turns).

petzl the Sneak (Formicid Delver)                   Turns: 2126, Time: 00:04:22

Health: -1/41      AC:  5    Str: 17    XL:     5   Next: 11%
Magic:  10/10      EV: 11    Int: 11    God:
Gold:   143        SH:  0    Dex: 15    Spells: 11/11 levels left

rFire   . . .        a - +0 sling
rCold   . . .        (no shield)
rNeg    . . .        m - +0 ring mail
rPois   .            (helmet unavailable)
rElec   .            (no cloak)
rCorr   .            (no gloves)
SInv    +            (no boots)
Will    .....        (no amulet)
Stlth   +++          (no ring)
HPRegen 0.26/turn    (no ring)
MPRegen 0.12/turn

%: no passive effects
@: lethally poisoned (-1 -> -12)
A: permanent stasis, dig shafts and tunnels, antennae 3, four strong arms
a: Dig, Shaft Self


You were on level 6 of the Dungeon.
You visited 1 branch of the dungeon, and saw 6 of its levels.

You collected 143 gold pieces.

Inventory:

Hand Weapons
 a - a +0 sling (weapon)
 b - a +0 mace
Missiles
 n - 5 poisoned darts
 q - 3 boomerangs
Armour
 l - a +0 leather armour
 m - a +0 ring mail (worn)
Wands
 f - a wand of digging (9)
Scrolls
 c - 2 scrolls of fog
 d - a scroll of revelation
 e - 2 scrolls of fear
 g - a scroll of silence {unknown}
 h - a scroll of teleportation {unknown}
 k - a scroll of butterflies {unknown}
 o - a scroll of noise {unknown}
 p - a scroll of amnesia {unknown}


   Skills:
 - Level 3.2 Fighting
 - Level 2.0 Maces & Flails
 + Level 1.8 Ranged Weapons
 - Level 1.7 Dodging
 - Level 6.0 Stealth
 + Level 3.7 Spellcasting


You had 11 spell levels left.
You didn't know any spells.
Your spell library was empty.

Dungeon Overview and Level Annotations

Branches:
Dungeon (5/15)
 Temple: D:4-7

Altars:

Annotations:
D:3 Robin


Innate Abilities, Weirdness & Mutations

You cannot be hasted, slowed, berserked, paralysed or teleported.
You can dig through walls and to a lower floor.
You have a pair of large antennae on your head. (SInv)
Your four strong arms can wield two-handed weapons with a shield.


Message History

The sling bullet closely misses you. Robin throws the goblin at you!
The hobgoblin hits you.
You shoot a sling bullet. The sling bullet hits Robin.
Robin is lightly wounded.
The goblin hits you with a +2 dagger of venom.
You are poisoned.
Robin roars a battlecry!
The goblin goes into a battle-frenzy!
The hobgoblin closely misses you.
You feel very sick. Robin hits you with a +0 dagger.
Are you sure you want to shaft yourself?
You feel very sick.
The hobgoblin hits you but does no damage.
Robin hits you with a +0 dagger.
The goblin hits you with a +2 dagger of venom.
You are lethally poisoned!
You begin to dig a shaft.
You continue digging a shaft.
* * * LOW HITPOINT WARNING * * *
You feel very sick. The hobgoblin barely misses you.
Robin throws the goblin at you!
The goblin hits you with a +2 dagger of venom.
* * * LOW HITPOINT WARNING * * *
The goblin unwields a +0 sling.
The goblin wields a +0 dagger.
The goblin barely misses you. A shaft appears beneath you!
You fall into a shaft and drop 3 floors!
The shaft crumbles and collapses.
* * * LOW HITPOINT WARNING * * *
You feel very sick.
Found 3 stones.
It was a potion of resistance.
You feel protected.
* * * LOW HITPOINT WARNING * * *
You feel very sick.
It was a potion of cancellation.
Your magical effects are unravelling.
You feel magically purged.
Your resistance to elements expires.
You die...

## ##### ..
(.....###.#
.......@..#
.....##...#
### ##### {


There were no monsters in sight!

Vanquished Creatures
  5 adders (D:2)
  A worm (D:2)
  5 dart slugs
  An orc (D:3)
  5 ball pythons
  4 endoplasms
  6 hobgoblins
  3 quokkas (D:2)
  4 bats
  A frilled lizard (D:2)
  8 goblins
  4 kobolds
  4 rats
51 creatures vanquished.

Notes
Turn   | Place    | Note
-------+----------+-------------------------------------------
     0 | D:5      | petzl the Formicid Delver began the quest for the Orb.
     0 | D:5      | Reached XP level 1. HP: 18/18 MP: 1/1
    14 | D:4      | Noticed a jelly
    57 | D:3      | Reached skill level 1 in Spellcasting
    64 | D:3      | Reached XP level 2. HP: 24/24 MP: 1/4
   195 | D:2      | Reached XP level 3. HP: 29/29 MP: 6/6
  1131 | D:2      | Reached XP level 4. HP: 15/35 MP: 8/8
  1422 | D:2      | Reached skill level 1 in Ranged Weapons
  2070 | D:3      | Reached XP level 5. HP: 41/41 MP: 10/10
  2111 | D:3      | Noticed Robin
  2124 | D:3      | You fall into a shaft and drop 3 floors!
  2125 | D:6      | HP: 2/41 [poisoned by a goblin]
  2126 | D:6      | Succumbed to a goblin's poison

Illustrated notes

Levels and vault maps discovered:
D:1:      co_arrival_random_square_maze, layout_loops_ring, grunt_decor_junction
D:2:      layout_loops_ring
D:3:      layout_rooms, mainiacjoe_overflow_small_starburst, uniq_robin
D:4:      layout_loops_cross, nicolae_ossuary_entry_catacombs
D:5:      layout_rooms, minmay_temple_entry_trees, dreamdust_mushroom_princess
D:6:      layout_basic, mainiacjoe_overflow_24_doors,
          chequers_hall_statues_wall_a, minmay_misc_feat_nine_boxes,
          hex_intersection

Skill      XL: |  1  2  3  4 |
---------------+-------------+-----
Spellcasting   | 1 2 3 |  3.7
Ranged Weapons | 1 |  1.8
Fighting       | |  3.2
Maces & Flails | |  2.0
Dodging        | |  1.7
Stealth        | |  6.0

Action                     |  1- 3 |  4- 6 || total
---------------------------+-------+-------++-------
  Melee: Mace              |    73 |    13 ||    86
   Fire: Sling             |     3 |    98 ||   101
Ability: Shaft Self        |       |     1 ||     1
    Use: Potion            |       |     2 ||     2
   Stab: Sleeping          |     6 |       ||     6
 Armour: Leather armour    |    30 |       ||    30
         Ring mail         |    12 |    39 ||    51
  Dodge: Dodged            |    56 |    38 ||    94

Table legend: (Time is in decaauts)
 A = Elapsed time spent in this place.
 B = Non-inter-level travel time spent in this place.
 C = Inter-level travel time spent in this place.
 D = Time resting spent in this place.
 E = Time spent auto-exploring this place.
 F = Levels seen in this place.
 G = Mean time per level.
                   A        B        C        D        E       F      G
               +--------+--------+--------+--------+--------+-----+--------+
         Total |   2186 |   2020 |    166 |    263 |   1230 |   6 |  364.3 |
       Dungeon |   2186 |   2020 |    166 |    263 |   1230 |   6 |  364.3 |
               +--------+--------+--------+--------+--------+-----+--------+

Top non-repeatable levels by time:
     D:2: 1036 daAuts
     D:1: 885 daAuts
     D:3: 240 daAuts
     D:4: 20 daAuts
     D:5: 2 daAuts
     D:6: 1 daAuts
